 Dungeon Crawl Stone Soup version 0.31.0-9-g3a7656b989 (webtiles) character file.

Game seed: 8048950494184567967

5912 qw the Markself (level 10, -3/56 HPs)
             Began as a Deep Elf Hunter on Feb 2, 2024.
             Was a Believer of Okawaru.
             Slain by a death yak (6 damage)
             ... on level 1 of the Lair of Beasts.
             The game lasted 00:00:35 (6634 turns).

qw the Markself (Deep Elf Hunter)                   Turns: 6634, Time: 00:00:35

Health: -3/56      AC: 11    Str: 20    XL:     10   Next: 53%
Magic:  15/15      EV: 19    Int: 15    God:    Okawaru [**....]
Gold:   107        SH:  0    Dex: 20    Spells: 9/9 levels left

rFire   + . .        j - +7 arbalest "Pusasmesch" {freeze, Str+4}
rCold   . . .        (shield currently unavailable)
rNeg    . . .        m - +2 ring mail
rPois   +            (no helmet)
rElec   .            r - +0 cloak
rCorr   .            u - +0 pair of gloves {Str+3}
SInv    .            (no boots)
Will    +....        o - amulet of Midnight {Acrobat rPois rC- Str+3 Slay+5}
Stlth   +++          f - ring of protection from cold
HPRegen 0.29/turn    p - ring of protection from fire
MPRegen 0.14/turn

%: acrobat
@: heroic
A: no striking features
a: Renounce Religion, Heroism


You were on level 1 of the Lair of Beasts.
You worshipped Okawaru.
Okawaru was pleased with you.
You visited 3 branches of the dungeon, and saw 10 of its levels.

You collected 436 gold pieces.
You spent 329 gold pieces at shops.


   Skills:
 - Level 4.0(9.0) Fighting
 + Level 17.2(22.2) Ranged Weapons
 - Level 3.3(8.3) Armour
 - Level 7.1(12.1) Dodging
 - Level 1.2(6.2) Stealth
 - Level 4.0 Invocations


You had 9 spell levels left.
You didn't know any spells.
Your spell library was empty.

Inventory:

Hand Weapons
 j - the +7 arbalest "Pusasmesch" (weapon) {freeze, Str+4}
   (You acquired it on level 4 of the Dungeon)

   Str+4:     It affects your strength (+4).
Armour
 m - a +2 ring mail (worn)
 r - a +0 cloak (worn)
 u - a +0 pair of gloves of strength (worn)
Jewellery
 f - a ring of protection from cold (left hand)
 l - an amulet of reflection
 o - the amulet of Midnight (around neck) {Acrobat rPois rC- Str+3 Slay+5}
   (You found it on level 6 of the Dungeon)

   [amulet of the acrobat]

   Acrobat:   It increases your evasion while moving and waiting.
   Str+3:     It affects your strength (+3).
   Slay+5:    It affects your accuracy & damage with ranged weapons and melee
   (+5).
   rC-:       It makes you vulnerable to cold.
   rPois:     It protects you from poison
 p - a ring of protection from fire (right hand)
 w - a ring of positive energy
Wands
 d - a wand of polymorph (12)
 i - a wand of mindburst (5)
 s - a wand of light (9)
Scrolls
 a - 2 scrolls of teleportation
 n - a scroll of identify
 t - a scroll of brand weapon
 v - a scroll of enchant weapon
Potions
 b - a potion of enlightenment
 c - a potion of magic
 e - a potion of heal wounds
 g - 4 potions of curing
 h - a potion of might
 k - a potion of resistance
 q - a potion of degeneration {unknown}

Dungeon Overview and Level Annotations

Branches:
Dungeon (8/15)             Temple (1/1) D:5            Lair (1/5) D:8

Altars:
Ashenzari
Cheibriados
Dithmenos
Elyvilon
Fedhas
Gozag
Hepliaklqana
Kikubaaqudgha
Makhleb
Nemelex Xobeh
Okawaru
Qazlal
Ru
Sif Muna
Trog
Uskayaw
Wu Jian
Xom
Yredelemnul
The Shining One

Shops:
D:2 ?   D:8 *


Message History

You shoot a bolt. The bolt barely misses the black mamba.
Enter note: You shoot a bolt.
The bolt hits the death yak!
The bolt freezes the death yak.
The death yak is severely wounded.
The death yak closely misses you.
The black mamba bites you but does no damage.
You shoot a bolt. The bolt hits the death yak!!
The bolt freezes the death yak!
You kill the death yak!
Okawaru is honoured by your kill.
The black mamba bites you but does no damage.
The black mamba misses you.
Your base Armour skill gained 2 levels and is now at level 3!
You shoot a bolt.
The bolt closely misses the black mamba.
The black mamba bites you! The black mamba closely misses you.
You shoot a bolt. The bolt hits the black mamba!!
The bolt freezes the black mamba.
The black mamba is heavily wounded.
You hear a bellow!
The black mamba closely misses you. x2
6631 ||| RETREEEEATING.
You shoot a bolt.
The bolt closely misses the black mamba.
The black mamba closely misses you. The death yak barely misses you.
The black mamba barely misses you.
A death yak comes into view.
You shoot a bolt. The bolt hits the black mamba!!
The black mamba seems to slow down.
The bolt freezes the black mamba.
You kill the black mamba!
Okawaru accepts your kill. The death yak gores you!!
Your base Ranged Weapons skill increases to level 17!
6633 ||| RETREEEEATING.
You shoot a bolt. The bolt hits the death yak!
The bolt freezes the death yak!
The death yak is moderately wounded.
The death yak gores you!
6634 ||| RETREEEEATING.
You shoot a bolt. The bolt hits the death yak!
The bolt freezes the death yak.
The death yak is heavily wounded.
The death yak gores you! The death yak gores you.
You die...

#......##P..####...........
#...... ##.####............
#...... #.....##...........
#...... #.....##...........
#......##.....##...........
........#.....##..........
#.).....#.....##.#####..
.........YY...#..# ##
#......#.#@####
.......###Y# ..Y.... ...
.Y..... .....
..............
............... ...........
.............


You could see 3 death yaks.

Vanquished Creatures
  A death yak (Lair:1)
  A deep elf pyromancer (D:7)
  Maurice (D:7)
  A black mamba (Lair:1)
  2 hornets (D:7)
  3 yaks (D:8)
  A steam dragon (D:5)
  An ice beast (D:6)
  A sky beast (D:7)
  5 orc warriors
  A black bear (D:5)
  3 centaurs (D:6)
  A phantom (D:5)
  5 bullfrogs
  2 kobold brigands
  A gnoll sergeant (D:5)
  A scorpion (D:6)
  3 wights (D:7)
  11 killer bees
  3 howler monkeys
  A bombardier beetle (D:4)
  2 hounds (D:5)
  6 orc priests
  2 jellies (D:5)
  4 sleepcaps
  An iguana (D:6)
  5 orc wizards
  5 gnolls
  8 adders
  3 river rats (D:3)
  2 shadow imps
  2 white imps
  2 ufetubi (D:5)
  4 ribbon worms
  3 dart slugs
  19 orcs
  4 ball pythons
  7 endoplasms
  2 giant cockroaches
  7 hobgoblins
  8 jackals (D:3)
  18 kobolds
  4 quokkas
  4 bats
  4 frilled lizards
  6 goblins
  7 rats
188 creatures vanquished.

Vanquished Creatures (others)
  A black bear (D:6)
  An ogre (D:6)
  An orc wizard (D:6)
  An adder (D:6)
4 creatures vanquished.

Grand Total: 192 creatures vanquished

Notes
Turn   | Place    | Note
-------+----------+-------------------------------------------
     0 | D:1      | qw the Deep Elf Hunter began the quest for the Orb.
     0 | D:1      | Reached XP level 1. HP: 12/12 MP: 3/3
     0 | D:1      | 0 ||| qw: Version: 0.3-a-155-g5e7d8dd
     0 | D:1      | 0 ||| qw: Game counter: 2333
     0 | D:1      | 0 ||| qw: Melee chars always use a shield: true
     0 | D:1      | 0 ||| qw: God list: Okawaru
     0 | D:1      | 0 ||| qw: Allow faded altars: false
     0 | D:1      | 0 ||| qw: Do Orc after clearing Dungeon:15 true
     0 | D:1      | 0 ||| qw: Do second Lair branch before Depths: true
     0 | D:1      | 0 ||| qw: Lair rune preference: random
     0 | D:1      | 0 ||| qw: Goals: Normal
     0 | D:1      | 0 ||| PLANNING D:1-11
   118 | D:1      | Found a faded altar of an unknown god.
   141 | D:1      | Reached XP level 2. HP: 11/16 MP: 4/4
   146 | D:1      | Reached skill level 6 in Ranged Weapons
   946 | D:1      | 946 ||| UPGRADING to ring of protection from cold.
   947 | D:1      | 947 ||| READING scroll labelled DAENIXIDWI.
   947 | D:1      | 947 ||| IDENTIFYING 2 clear potions
   948 | D:1      | 948 ||| DROPPING scroll of butterflies.
   949 | D:1      | 949 ||| DROPPING 2 potions of lignification.
  1052 | D:2      | 1052 ||| STAIRDANCE
  1220 | D:2      | Reached XP level 3. HP: 20/20 MP: 5/5
  1351 | D:2      | Reached skill level 7 in Ranged Weapons
  1750 | D:2      | Reached XP level 4. HP: 25/25 MP: 6/6
  1779 | D:2      | Found Uwna Folel's Magic Scroll Shoppe.
  1782 | D:2      | 1782 ||| BUYING scroll of identify (22 gold).
  1782 | D:2      | Bought a scroll of identify for 22 gold pieces
  1782 | D:2      | 1782 ||| BUYING scroll of identify (22 gold).
  1782 | D:2      | Bought a scroll of identify for 22 gold pieces
  1782 | D:2      | 1782 ||| SHOPLISTING scroll of identify (22 gold, have 11).
  1782 | D:2      | 1782 ||| READING 3 scrolls labelled REG PEXAGGEOL.
  1782 | D:2      | 1782 ||| ENCHANTING +0 shortbow.
  1783 | D:2      | 1783 ||| READING 2 scrolls of identify.
  1783 | D:2      | 1783 ||| IDENTIFYING murky cyan potion
  1784 | D:2      | 1784 ||| DROPPING potion of brilliance.
  1808 | D:3      | 1808 ||| PLANNING SEWER
  1875 | D:3      | 1875 ||| FLEEEEING.
  1876 | D:3      | 1876 ||| FLEEEEING.
  1877 | D:3      | 1877 ||| FLEEEEING.
  1878 | D:3      | 1878 ||| FLEEEEING.
  1879 | D:3      | 1879 ||| FLEEEEING.
  1880 | D:3      | 1880 ||| FLEEEEING.
  1912 | D:3      | Found a shimmering blue altar of Sif Muna.
  1926 | D:3      | Found a bloodstained altar of Trog.
  2050 | D:3      | Reached skill level 8 in Ranged Weapons
  2083 | D:3      | Reached XP level 5. HP: 23/29 MP: 7/7
  2207 | D:3      | Found a blossoming altar of Fedhas.
  2290 | D:3      | Found an ornate altar of the Wu Jian Council.
  2426 | D:3      | HP: 4/29 [river rat (5)]
  2502 | D:3      | 2502 ||| RIP SEWER
  2532 | D:3      | 2532 ||| PLANNING D:1-11
  2567 | D:3      | 2567 ||| READING 3 scrolls of identify.
  2567 | D:3      | 2567 ||| IDENTIFYING puce potion
  2568 | D:3      | 2568 ||| READING 2 scrolls of identify.
  2568 | D:3      | 2568 ||| IDENTIFYING fuming black potion
  2569 | D:3      | 2569 ||| READING scroll of identify.
  2569 | D:3      | 2569 ||| IDENTIFYING scroll labelled JEITSAN BIYCY
  2570 | D:3      | 2570 ||| READING scroll of brand weapon.
  2570 | D:3      | 2570 ||| BRANDING +0 shortbow.
  2571 | D:3      | 2571 ||| READING 2 scrolls labelled GEF LOROTH.
  2575 | D:3      | 2575 ||| READING scroll labelled XUQABB KUFAM.
  2599 | D:4      | Reached skill level 9 in Ranged Weapons
  2675 | D:4      | Reached skill level 3 in Dodging
  2748 | D:4      | Found a broken altar of Ashenzari.
  2976 | D:4      | 2976 ||| READING 2 scrolls of identify.
  2976 | D:4      | 2976 ||| IDENTIFYING scroll labelled NATARPHAPHE
  2976 | D:4      | Identified a scroll of acquirement
  2977 | D:4      | 2977 ||| READING scroll of acquirement.
  2977 | D:4      | 2977 ||| ACQUIRING +7 arbalest "Pusasmesch" {freeze, Str+4}
  2977 | D:4      | Acquired the +7 arbalest "Pusasmesch" {freeze, Str+4}
  2979 | D:4      | 2979 ||| SWAPPING to +7 arbalest "Pusasmesch" {freeze,
                  | Str+4}.
  2980 | D:4      | 2980 ||| DROPPING +0 shortbow of flaming.
  3002 | D:5      | Entered Level 5 of the Dungeon
  3005 | D:5      | Reached XP level 6. HP: 35/35 MP: 8/8
  3040 | D:5      | Found a sacrificial altar of Ru.
  3184 | D:5      | Reached skill level 10 in Ranged Weapons
  3203 | D:5      | Reached XP level 7. HP: 21/40 MP: 9/9
  3428 | D:5      | Found a staircase to the Ecumenical Temple.
  3429 | D:5      | 3429 ||| PLANNING TEMPLE
  3429 | D:5      | 3429 ||| UPGRADING to +0 ring mail.
  3439 | D:5      | 3439 ||| DROPPING +0 leather armour.
  3440 | D:5      | 3440 ||| READING 2 scrolls of enchant armour.
  3440 | D:5      | 3440 ||| ENCHANTING +0 ring mail.
  3441 | D:5      | 3441 ||| READING scroll of enchant armour.
  3441 | D:5      | 3441 ||| ENCHANTING +1 ring mail.
  3442 | D:5      | 3442 ||| UPGRADING to amulet of regeneration.
  3447 | D:5      | 3447 ||| READING 2 scrolls of identify.
  3447 | D:5      | 3447 ||| IDENTIFYING grey potion
  3448 | D:5      | 3448 ||| READING scroll of identify.
  3448 | D:5      | 3448 ||| IDENTIFYING dark potion
  3449 | D:5      | 3449 ||| READING 2 scrolls labelled KYM WAITEAMOEQAX.
  3450 | D:5      | 3450 ||| DROPPING scroll of revelation.
  3459 | Temple   | Entered the Ecumenical Temple
  3460 | Temple   | 3460 ||| PLANNING D:1-11
  3579 | D:5      | Noticed a steam dragon
  3581 | D:5      | Killed a steam dragon
  3582 | D:5      | Reached skill level 11 in Ranged Weapons
  3584 | D:5      | HP: 4/40 [gnoll sergeant/+0 spear (8)]
  3585 | D:5      | 3585 ||| READING scroll of teleportation.
  3585 | D:5      | HP: 1/40 [gnoll sergeant/+0 spear (4)]
  3586 | D:5      | 3586 ||| DRINKING potion of heal wounds.
  3807 | D:5      | 3807 ||| READING scroll labelled RYOTRO PUZAE.
  3961 | D:6      | 3961 ||| STAIRDANCE
  3966 | D:6      | 3966 ||| STAIRDANCE
  4000 | D:6      | Reached skill level 12 in Ranged Weapons
  4002 | D:6      | Reached skill level 1 in Armour
  4002 | D:6      | Reached XP level 8. HP: 25/44 MP: 10/10
  4037 | D:6      | Reached skill level 3 in Fighting
  4045 | D:6      | Found a shimmering altar of Xom.
  4129 | D:6      | 4129 ||| FLEEEEING.
  4130 | D:6      | 4130 ||| FLEEEEING.
  4131 | D:6      | 4131 ||| FLEEEEING.
  4132 | D:6      | 4132 ||| FLEEEEING.
  4133 | D:6      | 4133 ||| FLEEEEING.
  4134 | D:6      | 4134 ||| FLEEEEING.
  4136 | D:6      | 4136 ||| FLEEEEING.
  4137 | D:6      | 4137 ||| FLEEEEING.
  4138 | D:6      | 4138 ||| FLEEEEING.
  4223 | D:6      | Reached skill level 13 in Ranged Weapons
  4275 | D:6      | 4275 ||| FLEEEEING.
  4276 | D:6      | 4276 ||| FLEEEEING.
  4284 | D:6      | Found an opulent altar of Gozag.
  4301 | D:6      | 4301 ||| DRINKING 5 potions of curing.
  4301 | D:6      | 4301 ||| (to cure confusion)
  4305 | D:6      | Reached skill level 14 in Ranged Weapons
  4612 | D:6      | Identified the amulet of Midnight {Acrobat rPois rC- Str+3
                  | Slay+5}
  4661 | D:6      | 4661 ||| UPGRADING to amulet of reflection.
  4688 | D:6      | 4688 ||| DROPPING amulet of regeneration.
  4698 | D:6      | 4698 ||| UPGRADING to amulet of Midnight {Acrobat rPois rC-
                  | Str+3 Slay+5}.
  4722 | D:6      | 4722 ||| READING scroll of identify.
  4722 | D:6      | 4722 ||| IDENTIFYING purple potion
  4723 | D:6      | 4723 ||| READING scroll labelled LIG GUUGRU.
  4769 | D:7      | Noticed a hornet
  4770 | D:7      | Killed a hornet
  4771 | D:7      | Reached XP level 9. HP: 50/50 MP: 11/11
  4825 | D:7      | Reached skill level 6 in Dodging
  4894 | D:7      | Noticed a deep elf pyromancer
  4897 | D:7      | Killed a deep elf pyromancer
  4898 | D:7      | Reached skill level 15 in Ranged Weapons
  4901 | D:7      | HP: 11/50 [orc warrior/+0 glaive (4)]
  4902 | D:7      | 4902 ||| READING 2 scrolls of teleportation.
  4903 | D:7      | 4903 ||| DRINKING potion of heal wounds.
  4905 | D:7      | Found an iron altar of Okawaru.
  4906 | D:7      | 4906 ||| PLANNING OKAWARU WORSHIP
  4958 | D:7      | Became a worshipper of Warmaster Okawaru
  4959 | D:7      | 4959 ||| PLANNING D:1-11
  4998 | D:7      | 4998 ||| DRINKING 4 potions of curing.
  4998 | D:7      | 4998 ||| (to cure confusion)
  5376 | D:7      | Noticed Maurice
  5382 | D:7      | Killed Maurice
  5382 | D:7      | Reached * piety under Okawaru
  5383 | D:7      | Reached skill level 16 in Ranged Weapons
  5628 | D:7      | Reached skill level 1 in Invocations
  5787 | D:7      | 5787 ||| UPGRADING to +0 cloak.
  5792 | D:7      | 5792 ||| DROPPING amulet of magic regeneration.
  5793 | D:7      | 5793 ||| READING scroll labelled OTHROANNICLOR.
  5794 | D:7      | 5794 ||| READING scroll labelled ZEMUGA CEOJEREM.
  5817 | D:8      | 5817 ||| RETREEEEATING.
  5818 | D:8      | 5818 ||| RETREEEEATING.
  5819 | D:8      | 5819 ||| RETREEEEATING.
  5820 | D:8      | 5820 ||| RETREEEEATING.
  5821 | D:8      | 5821 ||| RETREEEEATING.
  5822 | D:8      | 5822 ||| RETREEEEATING.
  5823 | D:8      | 5823 ||| RETREEEEATING.
  5825 | D:8      | Reached XP level 10. HP: 56/56 MP: 11/13
  5908 | D:8      | Found a staircase to the Lair.
  6013 | D:8      | Reached skill level 3 in Invocations
  6093 | D:8      | Found Maedgh's General Store.
  6099 | D:8      | 6099 ||| BUYING +0 pair of gloves of strength (149 gold).
  6099 | D:8      | Bought a +0 pair of gloves of strength for 149 gold pieces
  6099 | D:8      | 6099 ||| BUYING potion of curing (39 gold).
  6099 | D:8      | Bought a potion of curing for 39 gold pieces
  6099 | D:8      | 6099 ||| BUYING scroll of enchant weapon (97 gold).
  6099 | D:8      | Bought a scroll of enchant weapon for 97 gold pieces
  6219 | D:8      | Reached ** piety under Okawaru
  6406 | D:8      | Found an ancient bone altar of Kikubaaqudgha.
  6553 | D:8      | 6553 ||| PLANNING LAIR
  6553 | D:8      | 6553 ||| UPGRADING to +0 pair of gloves.
  6558 | D:8      | 6558 ||| UPGRADING to +0 pair of gloves of strength.
  6568 | D:8      | 6568 ||| DROPPING +0 pair of gloves.
  6569 | D:8      | 6569 ||| UPGRADING to ring of protection from fire.
  6570 | D:8      | 6570 ||| READING scroll of identify.
  6570 | D:8      | 6570 ||| IDENTIFYING lumpy orange potion
  6587 | Lair:1   | Entered Level 1 of the Lair of Beasts
  6617 | Lair:1   | Noticed a death yak
  6618 | Lair:1   | 6618 ||| INVOKING Heroism.
  6622 | Lair:1   | Noticed a death yak
  6622 | Lair:1   | Noticed a death yak
  6623 | Lair:1   | 6623 ||| RETREEEEATING.
  6624 | Lair:1   | 6624 ||| RETREEEEATING.
  6625 | Lair:1   | 6625 ||| RETREEEEATING.
  6625 | Lair:1   | Noticed a black mamba
  6628 | Lair:1   | Killed a death yak
  6629 | Lair:1   | Reached skill level 3 in Armour
  6631 | Lair:1   | 6631 ||| RETREEEEATING.
  6631 | Lair:1   | Noticed a death yak
  6632 | Lair:1   | Killed a black mamba
  6633 | Lair:1   | Reached skill level 17 in Ranged Weapons
  6633 | Lair:1   | 6633 ||| RETREEEEATING.
  6634 | Lair:1   | 6634 ||| RETREEEEATING.
  6634 | Lair:1   | HP: 3/56 [death yak (17)]
  6634 | Lair:1   | Slain by a death yak

Levels and vault maps discovered:
D:1:      giann_horns, layout_basic, hellmonk_ecumenical_altar_zigzags,
          hangedman_decor_clover_reticule
D:2:      layout_loops_ring, serial_shops, nicolae_shop_rolled_up,
          wander_ebering_terrifying_dragon_lair
D:3:      layout_rooms, nzn_overflow_gifts_of_might_and_magic,
          mainiacjoe_overflow_six_doors_small, nicolae_wu_jian_wuxing_cycle,
          lightli_sewer_entry_pipes
D:4:      layout_rooms, nicolae_ashenzari_skybound
D:5:      layout_loops_ring, mainiacjoe_overflow_concentric_impassable,
          temple_hall, minmay_misc_feat_four_crosses
D:6:      layout_loops_ring, mainiacjoe_overflow_small_starburst,
          xom_confusion_cloud
D:7:      layout_basic, kennysheep_little_box, minmay_small_thing, uniq_maurice
D:8:      layout_basic, mainiacjoe_overflow_24_doors, lair_entry_dummy,
          serial_shops, nicolae_shop_crystal
Temple:   nicolae_temple_two_arcs
Lair:1:   lemuel_reptile_caves, layout_regular_city, uniq_joseph

Skill      XL: |  1  2  3  4  5  6  7  8  9 10 |
---------------+-------------------------------+-----
Ranged Weapons | 6 7 8 9 10 12 14 16 17 | 17.2
Dodging        | 3 4 5 6 7 |  7.1
Fighting       | 2 3 4 |  4.0
Armour         | 1 3 |  3.3
Invocations    | 1 4 |  4.0
Stealth        | |  1.2

Action                     |  1- 3 |  4- 6 |  7- 9 | 10-12 || total
---------------------------+-------+-------+-------+-------++-------
   Fire: Shortbow          |   112 |   143 |       |       ||   255
         Arbalest          |       |    19 |   176 |    50 ||   245
 Invoke: Heroism           |       |       |       |     1 ||     1
    Use: Scroll            |     1 |    10 |    12 |     1 ||    24
         Potion            |       |       |     4 |       ||     4
 Armour: Leather armour    |    18 |    36 |     4 |       ||    58
         Ring mail         |       |       |    51 |    12 ||    63
  Dodge: Dodged            |    18 |    23 |    54 |    16 ||   111

Table legend:
 A = Non-vault XP
 B = Vault XP
 C = Vault XP percentage of total XP
 D = Non-vault monster count
 E = Vault monster count
 F = Vault count percentage of total count
                 A         B        C        D         E       F
            +---------+---------+-------+---------+---------+-------
      Total |    6992 |    1454 |  17.2 |     169 |      21 |  11.1
            +---------+---------+-------+---------+---------+-------
        D:1 |      36 |       0 |   0.0 |      21 |       0 |   0.0
        D:2 |      61 |       1 |   1.6 |      21 |       1 |   4.5
        D:3 |      84 |      79 |  48.5 |      19 |      10 |  34.5
        D:4 |     118 |       0 |   0.0 |      10 |       0 |   0.0
        D:5 |     858 |       0 |   0.0 |      22 |       0 |   0.0
        D:6 |    1127 |     163 |  12.6 |      25 |       7 |  21.9
        D:7 |    1720 |    1211 |  41.3 |      25 |       3 |  10.7
        D:8 |    1599 |       0 |   0.0 |      23 |       0 |   0.0
     Lair:1 |    1389 |       0 |   0.0 |       3 |       0 |   0.0
            +---------+---------+-------+---------+---------+-------
